 Dungeon Crawl Stone Soup version 0.24.0-1-gfbc8707 (webtiles) character file.

Game seed: 7940487702136779516, levelgen mode: deterministic

38365 XxsatanxX the Bludgeoner (level 13, -5/178 HPs)
             Began as a Minotaur Berserker on Nov 8, 2019.
             Was a High Priest of Trog.
             Slain by Jorgrun
             ... wielding a +0 quarterstaff of crushing
              (8 damage)
             ... on level 2 of the Orcish Mines.
             The game lasted 00:51:26 (17222 turns).

XxsatanxX the Bludgeoner (Minotaur Berserker)      Turns: 17222, Time: 00:51:27

Health: -5/178     AC: 23    Str: 28    XL:     13   Next: 63%
Magic:  12/12      EV: 17    Int:  4    God:    Trog [*****.]
Gold:   2545       SH:  0    Dex: 15    Spells: 12/12 levels left

rFire    . . .     SeeInvis +   P - +2 mace (crush)
rCold    + . .     Gourm    +   (no shield)
rNeg     . . .     Faith    .   N - +0 plate armour
rPois    .         Spirit   .   w - +1 hat
rElec    .         Reflect  .   y - +0 cloak
rCorr    .         Harm     .   L - +0 pair of gloves
MR       .....                  z - +0 pair of boots "Mooj" {*Contam Dex-5 Slay+5 SInv}
Stlth    ..........             G - amulet "Zemnuut" {Gourm rC+}
HPRegen  0.39/turn              s - +6 ring of dexterity
MPRegen  0.13/turn              H - +6 ring of evasion

@: berserking, grasped by roots, constricted, studying Maces & Flails, lightly
drained, very quick
A: retaliatory headbutt, horns 2
a: Berserk, Trog's Hand, Brothers in Arms, Renounce Religion


You were on level 2 of the Orcish Mines.
You worshipped Trog.
Trog was extremely pleased with you.
You were very full.

You visited 3 branches of the dungeon, and saw 18 of its levels.
You also visited: Bailey.

You collected 2545 gold pieces.

Inventory:

Hand Weapons
 P - a +2 mace of crushing (weapon)
Missiles
 r - 38 poisoned darts (quivered)
 B - 7 atropa-tipped darts
 E - 4 silver javelins
 W - 4 datura-tipped darts
Armour
 w - a +1 hat (worn)
 y - a +0 cloak (worn)
 z - the +0 pair of boots "Mooj" (worn) {*Contam Dex-5 Slay+5 SInv}
   (You found it on level 4 of the Dungeon)

   It affects your dexterity (-5).
   It affects your accuracy and damage with ranged weapons and melee attacks
   (+5).
   It lets you see invisible.
   It causes magical contamination when unequipped.
 L - a +0 pair of gloves (worn)
 N - a +0 plate armour (worn)
Jewellery
 n - an uncursed ring of protection from cold
 p - a +4 ring of dexterity
 s - a +6 ring of dexterity (left hand)
 C - an uncursed ring of resist corrosion
 G - the amulet "Zemnuut" (around neck) {Gourm rC+}
   (You found it on level 5 of the Dungeon)

   [amulet of the gourmand]

   It allows you to eat raw meat even when not hungry.
   It protects you from cold.
 H - a +6 ring of evasion (right hand)
 J - an uncursed ring of protection from fire
Wands
 b - a wand of polymorph (5)
 m - a wand of paralysis (5)
 I - a wand of disintegration (9)
 M - a wand of digging (4)
 Q - a wand of acid (6)
 U - a wand of iceblast (18)
Scrolls
 f - a scroll of holy word {unknown}
 g - 3 scrolls of enchant weapon
 i - 8 scrolls of remove curse
 j - 5 scrolls of enchant armour
 k - 7 scrolls of teleportation
 q - 2 scrolls of summoning
 t - 4 scrolls of immolation
 u - 2 scrolls of random uselessness {unknown}
 A - 3 scrolls of fear
 R - 5 scrolls of blinking
 T - a scroll of fog {unknown}
 V - a scroll of magic mapping {unknown}
 Y - 2 scrolls of silence {unknown}
Potions
 a - 2 potions of haste
 d - 5 potions of curing
 e - 2 potions of resistance
 h - 9 potions of flight
 l - 2 potions of mutation
 o - 2 potions of agility {unknown}
 v - 2 potions of cancellation {unknown}
 x - 4 potions of might
 D - 4 potions of heal wounds {unknown}
 F - a potion of magic {unknown}
 K - 2 potions of invisibility
 O - 2 potions of lignification
 Z - a potion of degeneration {unknown}
Books
 X - a manual of Maces & Flails
Miscellaneous
 S - 2 sacks of spiders
Comestibles
 c - 35 rations


   Skills:
 * Level 12.9(12.7) Fighting
 - Level 16.6(16.3) Maces & Flails
 * Level 15.9(15.7) Armour
 + Level 11.0(10.7) Dodging


You had 12 spell levels left.
You didn't know any spells.
Your spell library was empty.

Dungeon Overview and Level Annotations

Branches:
Dungeon (13/15)            Temple (0/1) D:6            Lair (3/6) D:8
 Shoals (0/4) Lair:3          Orc (2/2) D:11         Vaults (0/5) D:13
 Bailey (visited)
  Snake: Lair:2-4    Spider: Lair:2-4       Elf: Orc:2

Altars:
Cheibriados
Dithmenos
Gozag
Hepliaklqana
Kikubaaqudgha
Makhleb
Okawaru
Qazlal
Sif Muna
Vehumet
The Shining One

Shops:
D:8 =(*   D:9 (*   D:11 }   Orc:2 %

Annotations:
Orc:2 Jorgrun


Innate Abilities, Weirdness & Mutations

You reflexively headbutt those who attack you in melee.
You have a pair of horns on your head.


Message History

Your base Dodging skill increases to level 11!
You bludgeon the orc!!
You kill the orc!
Trog accepts your kill. Jorgrun gestures at you while chanting.
Roots burst forth from the earth!
The grasping roots grab you!
* * * LOW HITPOINT WARNING * * *
The grasping roots constrict you!
You sock Jorgrun! You headbutt Jorgrun!
Jorgrun is heavily wounded.
You miss Jorgrun.
Jorgrun is heavily wounded.
Jorgrun misses you. The grasping roots constrict you.
You sock Jorgrun! You headbutt Jorgrun.
Jorgrun is severely wounded.
You bludgeon Jorgrun!! Your headbutt misses Jorgrun.
Jorgrun is severely wounded.
Jorgrun barely misses you.
You die...

...............<).......
...#....................
#.#.........$..........#
........................
........................
........................
..................#.....
........g...............
.......†@#.....
....#....)#....
.....#.....#...
.#....#........
.....#.....#.##
....$#....#### ...$
##$... ... .##.##


You could see Jorgrun.

Vanquished Creatures
  Snorg (Lair:2)
  3 hydras
  A vault guard (D:13)
  2 centaur warriors (D:13)
  2 two-headed ogres
  A tengu warrior (D:12)
  An orc high priest (Orc:1)
  Sonja (D:12)
  A wizard (D:10)
  An orc knight (Bailey)
  4 ugly things
  2 cyclopes
  A manticore (D:13)
  2 elephants (Lair:2)
  A black mamba (Lair:2)
  8 spiny frogs
  A rime drake (Lair:3)
  2 komodo dragons (Lair:1)
  A tengu conjurer (D:13)
  6 trolls
  2 polar bears (Lair:3)
  A polar bear (shapeshifter) (D:13)
  Grinder (D:3)
  A hornet (D:13)
  9 blink frogs
  12 hippogriffs
  Sigmund (D:3)
  A vampire (D:11)
  2 wyverns
  3 basilisks
  A human (D:7)
  13 yaks
  5 vampire mosquitoes
  4 hogs (D:7)
  3 hungry ghosts
  An acid dragon (D:11)
  7 water moccasins
  5 porcupines
  A black bear (D:12)
  13 orc warriors
  2 sky beasts
  3 necrophages
  15 ogres
  3 ice beasts
  12 centaurs
  5 phantoms
  4 wolves (Lair:3)
  5 crocodiles
  2 big kobolds
  6 bullfrogs
  3 scorpions
  2 wyvern skeletons
  8 wights
  3 killer bees (D:8)
  2 howler monkeys (D:10)
  An electric eel (Lair:2)
  A bullfrog zombie (D:13)
  2 centaur zombies
  3 crimson imps
  5 jellies
  9 orc priests
  3 hounds
  5 bullfrog skeletons
  2 centaur skeletons
  An iron imp (D:9)
  An iguana (D:7)
  12 orc wizards
  9 worker ants
  A hound skeleton (D:11)
  A howler monkey zombie (D:7)
  3 worker ant zombies
  10 adders
  3 shadow imps
  An ooze (D:3)
  An adder skeleton (D:5)
  3 worms
  A dart slug (D:3)
  3 leopard geckos
  43 orcs
  7 bats
  3 giant cockroaches
  8 goblins
  6 hobgoblins
  9 jackals
  5 quokkas
  6 frilled lizards
  15 kobolds
  A leopard gecko zombie (D:7)
  A quokka skeleton (D:4)
  5 rats
393 creatures vanquished.

Vanquished Creatures (collateral kills)
  An orc knight (Bailey)
  5 elephants
  A spiny frog (Lair:2)
  A troll (D:12)
  A hippogriff (D:8)
  An orc warrior (Bailey)
  A phantom (D:8)
  A crocodile (Lair:2)
  An orc priest (D:12)
  An orc (D:12)
14 creatures vanquished.

Vanquished Creatures (others)
  A giant cockroach (D:1)
  2 fungi
  5 plants
8 creatures vanquished.

Grand Total: 415 creatures vanquished

Notes
Turn   | Place    | Note
-------+----------+-------------------------------------------
     0 | D:1      | XxsatanxX the Minotaur Berserker began the quest for the
                  | Orb.
     0 | D:1      | Reached XP level 1. HP: 19/19 MP: 0/0
   121 | D:1      | Reached XP level 2. HP: 15/27 MP: 1/1
   414 | D:1      | Reached skill level 4 in Maces & Flails
   893 | D:2      | Reached XP level 3. HP: 20/33 MP: 2/2
  1029 | D:2      | Found a hazy altar of Hepliaklqana.
  1808 | D:3      | Reached ** piety under Trog
  1823 | D:3      | Noticed Grinder
  1836 | D:3      | HP: 1/33 [Grinder (2)]
  1839 | D:3      | Killed Grinder
  1839 | D:3      | Reached skill level 5 in Maces & Flails
  1839 | D:3      | Reached XP level 4. HP: 2/41 MP: 3/3
  1839 | D:3      | Reached XP level 5. HP: 3/47 MP: 4/4
  2225 | D:3      | Noticed Sigmund
  2234 | D:3      | Killed Sigmund
  2234 | D:3      | Reached skill level 5 in Armour
  2234 | D:3      | Reached XP level 6. HP: 55/55 MP: 5/5
  2396 | D:3      | Reached skill level 6 in Maces & Flails
  2623 | D:3      | Reached skill level 5 in Fighting
  2753 | D:4      | Reached XP level 7. HP: 49/61 MP: 6/6
  2764 | D:4      | Found a glowing golden altar of the Shining One.
  2793 | D:4      | Got a pair of pitted boots
  2799 | D:4      | Identified the +0 pair of boots "Mooj" {*Contam Dex-5
                  | Slay+5 SInv} (You found it on level 4 of the Dungeon)
  3023 | D:4      | Reached *** piety under Trog
  3054 | D:4      | Reached skill level 7 in Maces & Flails
  3219 | D:5      | Entered Level 5 of the Dungeon
  3310 | D:5      | Reached XP level 8. HP: 57/69 MP: 7/7
  3618 | D:5      | Got a scorched sapphire amulet
  3950 | D:6      | Found a burning altar of Makhleb.
  3950 | D:6      | Found an iron altar of Okawaru.
  3953 | D:6      | Found an opulent altar of Gozag.
  3967 | D:6      | Reached skill level 8 in Maces & Flails
  3967 | D:6      | Reached skill level 5 in Dodging
  3995 | D:6      | Found a staircase to the Ecumenical Temple.
  4053 | D:6      | Found a stormy altar of Qazlal.
  4424 | D:6      | Identified the amulet "Zemnuut" {Gourm rC+} (You found it
                  | on level 5 of the Dungeon)
  4858 | D:7      | Reached XP level 9. HP: 77/77 MP: 8/8
  4861 | D:7      | Reached skill level 9 in Maces & Flails
  4908 | D:7      | Reached **** piety under Trog
  5412 | D:7      | Found a shimmering blue altar of Sif Muna.
  5424 | D:7      | Found an ancient bone altar of Kikubaaqudgha.
  5435 | D:7      | Found a radiant altar of Vehumet.
  5581 | D:7      | Reached skill level 10 in Maces & Flails
  5797 | D:8      | Reached skill level 10 in Armour
  5827 | D:8      | Noticed a brown ugly thing
  5841 | D:8      | Killed a brown ugly thing
  5841 | D:8      | Reached XP level 10. HP: 58/87 MP: 9/9
  6037 | D:8      | Found Nayd's Jewellery Boutique.
  6449 | D:8      | Noticed an elephant
  6467 | D:8      | Reached skill level 11 in Maces & Flails
  6469 | D:8      | Killed an elephant
  6704 | D:8      | Found Gocvaz's Assorted Antiques.
  6726 | D:8      | Found Giusuak's Weapon Shoppe.
  6939 | D:8      | Found a staircase to the Lair.
  7213 | D:9      | Found Buneish's Elemental Accessories.
  7278 | D:9      | Found Vogryd's Weapon Emporium.
  7298 | D:9      | Noticed a two-headed ogre
  7304 | D:9      | Killed a two-headed ogre
  7328 | D:9      | Found a snail-covered altar of Cheibriados.
  7570 | D:10     | Entered Level 10 of the Dungeon
  7802 | D:10     | Reached skill level 12 in Maces & Flails
  7848 | D:10     | Noticed a wizard
  7856 | D:10     | Killed a wizard
  7856 | D:10     | Reached XP level 11. HP: 96/96 MP: 10/10
  8328 | D:11     | Found a staircase to the Orcish Mines.
  8472 | D:11     | Found Puet's Gadget Shoppe.
  8484 | D:11     | Noticed a two-headed ogre
  8492 | D:11     | Killed a two-headed ogre
  8578 | D:11     | Reached ***** piety under Trog
  8910 | D:12     | Found a flagged portal.
  8923 | Bailey   | Entered a bailey
  8923 | Bailey   | Noticed an orc knight
  8924 | Bailey   | Noticed an orc knight
  8950 | Bailey   | Noticed an orc knight
  8955 | Bailey   | Killed an orc knight
  9108 | Bailey   | Noticed an orc knight
  9146 | Bailey   | Killed an orc knight
  9898 | Lair:1   | Entered Level 1 of the Lair of Beasts
  9985 | Lair:1   | Reached skill level 13 in Maces & Flails
 10260 | Lair:1   | Reached skill level 10 in Fighting
 10961 | Lair:2   | Reached skill level 14 in Maces & Flails
 10961 | Lair:2   | Reached XP level 12. HP: 40/106 MP: 11/11
 10989 | Lair:2   | Received a gift from Trog
 11890 | Lair:2   | Reached skill level 15 in Maces & Flails
 12523 | Lair:3   | Noticed an eight-headed hydra
 12528 | Lair:3   | Noticed Snorg
 12542 | Lair:2   | Killed an eight-headed hydra
 12739 | Lair:2   | Killed Snorg
 13084 | Lair:3   | Reached skill level 16 in Maces & Flails
 13129 | Lair:3   | Reached skill level 10 in Dodging
 13470 | Lair:3   | Found a staircase to the Shoals.
 13994 | D:12     | Noticed Sonja
 14011 | D:12     | Killed Sonja
 14299 | D:12     | Reached XP level 13. HP: 107/116 MP: 12/12
 14607 | D:12     | Reached skill level 15 in Armour
 15029 | D:12     | Received a gift from Trog
 15280 | D:12     | Found a shadowy altar of Dithmenos.
 15765 | D:13     | Received a gift from Trog
 16768 | D:13     | Found a gate to the Vaults.
 16872 | Orc:1    | Entered Level 1 of the Orcish Mines
 17166 | Orc:2    | Entered Level 2 of the Orcish Mines
 17185 | Orc:2    | Found Zoazinuph's Food Shop.
 17205 | Orc:1    | Noticed Jorgrun
 17213 | Orc:1    | HP: 5/119 [Jorgrun/+0 quarterstaff of crushing (10)]
 17218 | Orc:2    | HP: 2/178 [Jorgrun/+0 quarterstaff of crushing (8)]
 17222 | Orc:2    | Slain by Jorgrun

Levels and vault maps discovered:
D:1:      shiori_arrival_oz, layout_basic, hangedman_decor_push
D:2:      layout_basic, nicolae_overflow_crystal_walls
D:3:      layout_rooms, uniq_sigmund, uniq_grinder
D:4:      layout_basic, lemuel_crystal_altar, first_ration,
          kennysheep_small_square
D:5:      layout_gridville
D:6:      layout_loops_ring, kennysheep_mini_moat,
          gammafunk_temple_overflow_forgotten, minmay_temple_entry_wispy
D:7:      layout_loops_corners, palyth_temple_overflow_mages, grunt_livestock
D:8:      layout_layer_cave, david_lair_generic, serial_shops, shop, shop_coins,
          nicolae_shop_crystal, nrook_campfire
D:9:      layout_basic, slow_altar_1, serial_shops, shop, grunt_decor_fettered,
          nicolae_elemental_shop
D:10:     layout_roguey, lightli_wizard_tower
D:11:     minmay_bubble_buster, layout_irregular_city, david_orc_3,
          serial_shops, shop
D:12:     layout_loops_ring, enter_bailey_2, chequers_serial_rivers_large_a,
          grunt_dithmenos_smoke, uniq_sonja
D:13:     layout_cave_pools, david_vaults_5, kb_tengu_band
Lair:1:   layout_gridlike
Lair:2:   layout_regular_city, grunt_megastairs_3, serial_bayou_shore_a,
          serial_bayou_shore_b
Lair:3:   layout_roguey, minmay_shoals_entry_centaurs, uniq_snorg
Orc:1:    layout_caves, uniq_jorgrun
Orc:2:    st_orc_mages, layout_caves, serial_shops, shop

Skill      XL: |  1  2  3  4  5  6  7  8  9 10 11 12 13 |
---------------+----------------------------------------+-----
Maces & Flails | 4 5 6 7 8 10 12 14 16 | 16.6
Armour         | 3 4 5 6 8 10 11 13 14 15 | 15.9
Fighting       | 4 5 6 8 9 10 11 12 | 12.9
Dodging        | 3 4 5 6 7 9 10 11 | 11.0

Action                   |  1- 3 |  4- 6 |  7- 9 | 10-12 | 13-15 || total
-------------------------+-------+-------+-------+-------+-------++-------
Melee: Mace              |    87 |    58 |   215 |   480 |   238 ||  1078
       Headbutt          |     9 |    11 |    53 |   122 |    72 ||   267
Throw: Dart              |       |       |     2 |    37 |    52 ||    91
       Javelin           |       |       |       |     6 |       ||     6
       Throwing net      |       |       |       |     1 |       ||     1
Invok: Berserk           |     1 |     1 |     1 |     5 |     1 ||     9
       Brothers in Arms  |       |       |       |     6 |     1 ||     7
Evoke: Wand              |       |       |       |     7 |       ||     7
  Use: Scroll            |       |       |       |    18 |     2 ||    20
       Potion            |       |       |       |     2 |     1 ||     3
 Stab: Sleeping          |       |       |     1 |       |       ||     1
  Eat: Chunk             |     3 |     5 |    21 |    44 |    10 ||    83
Armor: Leather armour    |    14 |    10 |    13 |       |       ||    37
       Animal skin       |     1 |       |       |       |       ||     1
       Chain mail        |       |       |    56 |    23 |       ||    79
       Plate armour      |       |       |       |   185 |   120 ||   305
       Skin              |       |       |       |       |    12 ||    12
Dodge: Dodged            |    64 |    37 |   150 |   529 |   265 ||  1045
